 Dungeon Sprint DCSS version 0.23-a0-261-g133332c (webtiles) character file.

19805 emperorscorpion the Impaler (level 12, -8/125 HPs)
             Began as a Minotaur Skald on Sept 27, 2018.
             Was the Champion of Cheibriados.
             Killed from afar by a fire giant (31 damage)
             ... with a fireball
             ... in the Dungeon (Sprint IX: "|||||||||||||||||||||||||||||") on Sept 29, 2018.
             The game lasted 00:15:25 (1017 turns).

emperorscorpion the Impaler (Minotaur Skald)        Turns: 1017, Time: 00:15:25

Health: -8/125     AC: 20    Str: 33    XL:     12   Next: 39%
Magic:  22/22      EV: 19    Int: 31    God:    Cheibriados [******]
Gold:   5          SH:  0    Dex: 28    Spells: 17/26 levels left

rFire    . . .     SeeInvis .   E - +7 longbow "Piercer" {penet, EV-2}
rCold    . . .     Gourm    .   (shield currently unavailable)
rNeg     . . .     Faith    .   u - +1 chain mail
rPois    .         Spirit   .   C - +2 hat
rElec    .         Reflect  .   A - +0 cloak
rCorr    .         Harm     .   s - +0 pair of gloves
MR       .....     NoTele   +   B - +0 pair of boots
Stlth    ..........             (no amulet)
HPRegen  0.30/turn              v - +3 ring of intelligence
MPRegen  0.18/turn              w - +3 ring of intelligence

@: very slow
A: retaliatory headbutt, horns 2
a: Bend Time, Temporal Distortion, Slouch, Step From Time, Renounce Religion


You were in the Dungeon.
You worshipped Cheibriados.
Cheibriados was exalted by your worship.
You were hungry.

You visited 1 branch You collected 1900 gold pieces.
You spent 1895 gold pieces at shops.

Inventory:

Hand Weapons
 a - a +2 rapier of electrocution
 c - a +2 vampiric halberd
 i - a +0 shortbow
 q - a +0 falchion
 r - a +2 scimitar of holy wrath
 E - the +7 longbow "Piercer" (weapon) {penet, EV-2}
   (You bought it in a shop in the Dungeon)

   Ammo fired by it will pass through the targets it hits, potentially hitting
   all targets in its path until it reaches maximum range.
   It affects your evasion (-2).
 J - a +4 great sword of holy wrath
Missiles
 k - 18 arrows (quivered)
 o - 9 curare-tipped needles
Armour
 b - a +0 leather armour
 s - a +0 pair of gloves (worn)
 t - a +0 helmet
 u - a +1 chain mail (worn)
 A - a +0 cloak (worn)
 B - a +0 pair of boots (worn)
 C - a +2 hat (worn)
 K - a +2 robe of the Archmagi
Magical Staves
 p - an uncursed staff of energy
Jewellery
 v - a +3 ring of intelligence (left hand)
 w - a +3 ring of intelligence (right hand)
 F - an uncursed ring of positive energy
 G - an uncursed ring of poison resistance
 H - an uncursed ring of protection from fire
 I - an uncursed ring of see invisible
Scrolls
 d - 2 scrolls of enchant armour
 j - 7 scrolls of blinking
 m - 4 scrolls of remove curse
 n - 2 scrolls of amnesia
 x - 6 scrolls of enchant weapon
 y - a scroll of immolation
 M - a scroll of fear
Potions
 e - 11 potions of curing
 f - 5 potions of heal wounds
 g - a potion of haste
 h - 4 potions of magic
 l - a potion of invisibility
 L - a potion of agility
Miscellaneous
 D - a phantom mirror
Comestibles
 z - 11 rations


   Skills:
 + Level 17.0 Fighting
 - Level 7.7 Long Blades
 - Level 18.4 Polearms
 * Level 2.9 Bows
 + Level 13.3 Armour
 + Level 12.3 Dodging
 + Level 7.9 Spellcasting
 + Level 8.6 Charms
 + Level 4.1 Necromancy


You had 17 spell levels left.
You knew the following spells:

 Your Spells              Type           Power        Failure   Level  Hunger
a - Infusion              Chrm           ####         1%          1    None
b - Spectral Weapon       Hex/Chrm       #####...     6%          3    None
c - Shroud of Golubria    Chrm/Tloc      #####.....   3%          2    None
r - Regeneration          Chrm/Necr      ######....   2%          3    None

Your spell library contained the following spells:

 Spells                   Type           Power        Failure   Level  Hunger
 Song of Slaying          Chrm           ######..     1%          2    None


Dungeon Overview and Level Annotations

Branches:
Dungeon (1/1)

Altars:
Cheibriados
Dithmenos
Elyvilon
Fedhas
Gozag
Hepliaklqana
Kikubaaqudgha
Makhleb
Nemelex Xobeh
Okawaru
Qazlal
Ru
Sif Muna
Trog
Uskayaw
Vehumet
Wu Jian
Xom
Yredelemnul
Zin
The Shining One
Beogh
Jiyva
Lugonu

Shops:
D ?*?*

Annotations:
D Sonja


Innate Abilities, Weirdness & Mutations

You reflexively headbutt those who attack you in melee.
You have a pair of horns on your head.


Message History

The stone giant is lightly wounded.
The arrow pierces through the great orb of eyes!!
The great orb of eyes is moderately wounded.
The great orb of eyes pulsates ominously.
A fire dragon comes into view.
Firing (i - inventory)
k - 19 arrows (quivered)
Press: ? - help, Shift-Dir - straight line, f/p - fire giant
Aim: a fire giant, wielding a great sword of flaming (heavily wounded)
You shoot an arrow.
The arrow pierces through the fire giant but does no damage.
The fire giant is heavily wounded.
The arrow pierces through the stone giant!
The stone giant is moderately wounded.
The arrow pierces through the great orb of eyes!
The great orb of eyes is heavily wounded.
The arrow pierces through the fire dragon!!
The fire dragon is lightly wounded.
The fire giant casts a spell at you.
The fireball explodes!
The fireball engulfs you!
You die...

,,+,,,,,,,,,,,,,,,,,,,,,+,,,,,,,,
*********************************
,,,,,,,,,,,,,,,,,,,,,,,,,,,,,,,,,
*********************************
,,,,,+,,,,,,,,,+,,,,,,,,,+,,,,,,,
*********************************
,,,,,,,,,,,,,,,,,,,,,,,,,,,,,,,,,
*********▓▓▓▓▓▓▓▓▓▓▓▓▓▓▓▓▓▓▓▓▓▓▓▓
,,+,,,,,,D(G(C.C@.'..........[[[[
▓▓▓▓▓▓▓▓▓▓▓▓▓▓▓▓▓▓▓▓▓▓▓▓▓▓▓▓▓▓▓▓▓
.................................
▓▓▓▓▓▓▓▓▓▓▓▓▓▓▓▓▓▓▓▓▓▓▓▓▓▓▓▓▓▓▓▓▓
..'.....∩.∩)∩.∩.[[[[[..........))
▓▓▓▓▓▓▓▓▓▓▓▓▓▓▓▓▓▓▓▓▓▓▓▓▓▓▓▓▓▓▓▓▓
.................................
▓▓▓▓▓▓▓▓▓▓▓▓▓▓▓▓▓▓▓▓▓▓▓▓▓▓▓▓▓▓▓▓▓
..[[..'(.)........††.........†...


You could see a fire giant, a fire dragon, a stone giant and a great orb of
eyes.

Vanquished Creatures
  Gastronok (D)
  An ettin (D)
  A hydra (D)
  Josephine (D)
  2 catoblepae (D)
  A centaur warrior (D)
  2 death yaks (D)
  An orc high priest (D)
  An ugly thing (D)
  A cyclops (D)
  11 orc sorcerers (D)
  A black mamba (D)
  3 spiny frogs (D)
  A freezing wraith (D)
  A troll (D)
  A slime creature (D)
  2 blink frogs (D)
  3 hippogriffs (D)
  3 yaks (D)
  A wyvern (D)
  3 wraiths (D)
  2 basilisks (D)
  4 water moccasins (D)
  3 porcupines (D)
  11 orc warriors (D)
  A sky beast (D)
  2 ice beasts (D)
  2 centaurs (D)
  A crocodile (D)
  A scorpion (D)
  A jelly (D)
  2 orc priests (D)
  7 orc wizards (D)
  A shadow imp (D)
  An adder skeleton (D)
  7 orcs (D)
  3 ball pythons (D)
  A bat skeleton (D)
  A goblin (D)
  A hobgoblin (D)
  A frilled lizard (D)
  A jackal zombie (D)
  2 leopard gecko skeletons (D)
  A quokka skeleton (D)
99 creatures vanquished.

Vanquished Creatures (others)
  A death yak (D)
  A spectral weapon (D)
2 creatures vanquished.

Grand Total: 101 creatures vanquished

Notes
Turn   | Place    | Note
-------+----------+-------------------------------------------
     0 | D        | emperorscorpion the Minotaur Skald began the quest for the
                  | Orb.
     0 | D        | Reached XP level 1. HP: 18/18 MP: 1/1
    29 | D        | Noticed a centaur
    29 | D        | Noticed a jelly
    31 | D        | Killed a jelly
    31 | D        | Reached skill level 5 in Long Blades
    31 | D        | Reached XP level 2. HP: 28/28 MP: 3/3
    31 | D        | Reached XP level 3. HP: 34/34 MP: 4/4
    38 | D        | Killed a centaur
    38 | D        | Reached skill level 5 in Dodging
    38 | D        | Reached XP level 4. HP: 13/44 MP: 5/5
    48 | D        | Learned a level 3 spell: Regeneration
    56 | D        | Found a roughly hewn altar of Beogh.
    56 | D        | Found a snail-covered altar of Cheibriados.
    56 | D        | Found a shadowy altar of Dithmenos.
    56 | D        | Found a white marble altar of Elyvilon.
    56 | D        | Found a blossoming altar of Fedhas.
    56 | D        | Found an opulent altar of Gozag.
    57 | D        | Found a hazy altar of Hepliaklqana.
    58 | D        | Found a viscous altar of Jiyva.
    59 | D        | Found an ancient bone altar of Kikubaaqudgha.
    60 | D        | Became a worshipper of Cheibriados the Contemplative
    61 | D        | Found a corrupted altar of Lugonu.
    62 | D        | Found a burning altar of Makhleb.
    63 | D        | Found a sparkling altar of Nemelex Xobeh.
    65 | D        | Found an iron altar of Okawaru.
    66 | D        | Found a stormy altar of Qazlal.
    67 | D        | Found a sacrificial altar of Ru.
    68 | D        | Found a deep blue altar of Sif Muna.
    69 | D        | Found a bloodstained altar of Trog.
    70 | D        | Found a hide-covered altar of Uskayaw.
    71 | D        | Found a radiant altar of Vehumet.
    72 | D        | Found an ornate altar of the Wu Jian Council.
    74 | D        | Found a shimmering altar of Xom.
    75 | D        | Found a basalt altar of Yredelemnul.
    76 | D        | Found a glowing silver altar of Zin.
    77 | D        | Found a glowing golden altar of the Shining One.
   124 | D        | Noticed an orc warrior
   124 | D        | Noticed a water moccasin
   124 | D        | Noticed a troll
   124 | D        | Noticed a centaur
   127 | D        | Killed a centaur
   127 | D        | Reached XP level 5. HP: 18/53 MP: 6/6
   129 | D        | Reached * piety under Cheibriados
   129 | D        | Reached skill level 5 in Armour
   130 | D        | Killed a water moccasin
   130 | D        | Reached XP level 6. HP: 24/66 MP: 7/7
   131 | D        | Killed a troll
   131 | D        | Reached ** piety under Cheibriados
   131 | D        | Reached XP level 7. HP: 26/74 MP: 8/8
   133 | D        | Reached skill level 10 in Dodging
   147 | D        | Noticed a cyclops
   147 | D        | Noticed a centaur warrior
   158 | D        | Killed a centaur warrior
   158 | D        | Reached *** piety under Cheibriados
   158 | D        | Reached XP level 8. HP: 21/84 MP: 8/11
   161 | D        | Reached skill level 1 in Necromancy
   167 | D        | Killed a cyclops
   167 | D        | Reached **** piety under Cheibriados
   167 | D        | Reached skill level 5 in Charms
   283 | D        | Learned a level 3 spell: Spectral Weapon
   286 | D        | Learned a level 2 spell: Shroud of Golubria
   299 | D        | Noticed a spiny frog
   299 | D        | Noticed a blink frog
   299 | D        | Noticed a hippogriff
   299 | D        | Noticed a spiny frog
   299 | D        | Noticed a blink frog
   300 | D        | Noticed a five-headed hydra
   303 | D        | Noticed a spiny frog
   304 | D        | Killed a spiny frog
   304 | D        | Reached ***** piety under Cheibriados
   304 | D        | Reached skill level 2 in Polearms
   304 | D        | Reached XP level 9. HP: 23/92 MP: 8/14
   304 | D        | Reached skill level 3 in Polearms
   306 | D        | Reached skill level 4 in Polearms
   310 | D        | HP: 1/93 [five-headed hydra (8)]
   313 | D        | Killed a spiny frog
   313 | D        | Reached ****** piety under Cheibriados
   313 | D        | Reached skill level 5 in Polearms
   313 | D        | Reached skill level 10 in Armour
   314 | D        | Killed a five-headed hydra
   314 | D        | Reached skill level 6 in Polearms
   314 | D        | Reached skill level 5 in Spellcasting
   314 | D        | Killed a spiny frog
   314 | D        | Reached XP level 10. HP: 15/102 MP: 9/16
   317 | D        | Reached skill level 7 in Polearms
   346 | D        | Noticed a black mamba
   349 | D        | Killed a black mamba
   349 | D        | Reached skill level 8 in Polearms
   357 | D        | Reached skill level 9 in Polearms
   375 | D        | Noticed a catoblepas
   375 | D        | Noticed a death yak
   375 | D        | Noticed a catoblepas
   377 | D        | Noticed a death yak
   381 | D        | Killed a catoblepas
   381 | D        | Reached skill level 10 in Polearms
   384 | D        | Killed a death yak
   384 | D        | Reached skill level 11 in Polearms
   395 | D        | Noticed a death yak
   399 | D        | Killed a catoblepas
   399 | D        | Reached skill level 12 in Polearms
   407 | D        | Killed a death yak
   407 | D        | Reached skill level 13 in Polearms
   407 | D        | Reached XP level 11. HP: 111/111 MP: 3/19
   410 | D        | Killed a death yak
   411 | D        | Reached skill level 14 in Polearms
   413 | D        | Reached skill level 15 in Fighting
   466 | D        | Noticed Josephine
   474 | D        | Killed Josephine
   474 | D        | Reached skill level 15 in Polearms
   523 | D        | Noticed Gastronok
   524 | D        | Noticed Sonja
   543 | D        | Killed Gastronok
   543 | D        | Reached skill level 16 in Polearms
   594 | D        | Noticed an orc high priest
   614 | D        | Noticed an ettin
   627 | D        | Noticed a soul eater
   631 | D        | Killed an orc high priest
   638 | D        | Killed an ettin
   638 | D        | Reached skill level 17 in Polearms
   672 | D        | Noticed an orc sorcerer
   681 | D        | Killed an orc sorcerer
   738 | D        | Found Fyfe Ucw's Assorted Antiques.
   738 | D        | Noticed an orc sorcerer
   738 | D        | Noticed an orc sorcerer
   738 | D        | Noticed an orc sorcerer
   740 | D        | Noticed a sun demon
   740 | D        | Killed an orc sorcerer
   742 | D        | Noticed an orc sorcerer
   745 | D        | Found Faac Poc's Magic Scroll Shop.
   748 | D        | Killed an orc sorcerer
   748 | D        | Reached XP level 12. HP: 95/122 MP: 17/21
   756 | D        | Found Dudaniv's Assorted Antiques.
   757 | D        | Reached skill level 18 in Polearms
   779 | D        | Found Oluowk's Magic Scroll Shop.
   784 | D        | Upgraded the game from 0.23-a0-241-g3b46b07 to
                  | 0.23-a0-261-g133332c
   840 | D        | Bought a phantom mirror for 630 gold pieces
   844 | D        | Bought the +7 longbow "Piercer" {penet, EV-2} for 1155 gold
                  | pieces
   844 | D        | Found the +7 longbow "Piercer" {penet, EV-2}
   850 | D        | Bought a scroll of magic mapping for 35 gold pieces
   850 | D        | Bought a scroll of blinking for 75 gold pieces
  1002 | D        | Reached skill level 1 in Bows
  1010 | D        | Noticed a fire giant
  1011 | D        | Noticed a stone giant
  1014 | D        | Noticed a great orb of eyes
  1014 | D        | HP: 3/125 [fire giant/fireball (22)]
  1016 | D        | Noticed a fire dragon
  1017 | D        | Killed from afar by a fire giant

Vault maps used:
D:        linesprint

Skill      XL: |  1  2  3  4  5  6  7  8  9 10 11 12 |
---------------+-------------------------------------+-----
Fighting       | 4 6 7 9 11 12 13 14 16 17 | 17.0
Long Blades    | 5 7 |  7.7
Armour         | 2 3 4 6 7 8 9 10 12 13 | 13.3
Dodging        | 4 5 6 8 9 10 11 12 | 12.3
Spellcasting   | 2 4 5 6 7 |  7.9
Charms         | 4 6 7 8 |  8.6
Necromancy     | 1 2 3 4 |  4.1
Polearms       | 2 6 13 17 18 | 18.4
Bows           | 2 |  2.9

Action                   |  1- 3 |  4- 6 |  7- 9 | 10-12 || total
-------------------------+-------+-------+-------+-------++-------
Melee: Falchion          |    21 |     4 |       |       ||    25
       Headbutt          |     3 |       |    15 |    67 ||    85
       Rapier            |       |     2 |    28 |       ||    30
       Halberd           |       |       |     7 |   204 ||   211
 Fire: Longbow           |       |       |       |    13 ||    13
 Cast: Regeneration      |       |       |     2 |    11 ||    13
       Spectral Weapon   |       |       |     1 |    12 ||    13
       Shroud of Golubri |       |       |       |     7 ||     7
Evoke: Wand              |       |     3 |     6 |     1 ||    10
  Use: Potion            |     1 |       |     4 |     1 ||     6
       Scroll            |       |       |       |     1 ||     1
 Stab: Distracted        |       |       |       |     2 ||     2
  Eat: Ration            |       |       |     1 |       ||     1
       Chunk             |       |       |       |     1 ||     1
Armor: Leather armour    |     1 |     1 |       |       ||     2
       Chain mail        |       |     1 |    18 |    30 ||    49
Dodge: Dodged            |    12 |     8 |    29 |    88 ||   137
       Rpst.: Falchion   |     6 |     1 |       |       ||     7

Table legend:
 A = Non-vault XP
 B = Vault XP
 C = Vault XP percentage of total XP
 D = Non-vault monster count
 E = Vault monster count
 F = Vault count percentage of total count
                 A         B        C        D         E       F
            +---------+---------+-------+---------+---------+-------
      Total |       0 |   28293 | 100.0 |       0 |     100 | 100.0
            +---------+---------+-------+---------+---------+-------
          D |       0 |   28293 | 100.0 |       0 |     100 | 100.0
            +---------+---------+-------+---------+---------+-------
